 Dungeon Crawl Stone Soup version 0.29-a0-222-g5b244fca1f (webtiles) character file.

Game seed: 1376905640922652991

423 horus123 the Skirmisher (level 6, -15/52 HPs)
             Began as a Demigod Fighter on Feb 27, 2022.
             Demolished by an ogre
             ... wielding a +0 giant spiked club
              (27 damage)
             ... on level 4 of the Dungeon.
             The game lasted 00:06:56 (5778 turns).

horus123 the Skirmisher (Demigod Fighter)           Turns: 5778, Time: 00:06:56

Health: -15/52     AC:  5    Str: 19    XL:     6   Next: 36%
Magic:  12/12      EV: 10    Int: 17    God:
Gold:   181        SH:  5    Dex: 17    Spells: 5/9 levels left

rFire   . . .      SeeInvis .   r - +4 short sword (freeze)
rCold   . . .      Faith    .   c - +0 buckler
rNeg    . . .      Spirit   .   o - +1 robe of the Hidden Vale {-Tele Str+2 Int+3 Archmagi}
rPois   .          Reflect  .   (no helmet)
rElec   .          Harm     .   x - +0 cloak
rCorr   .          Rampage  .   g - +0 pair of gloves
Will    .....      Archmagi +   (no boots)
Stlth   ++........ NoTele   +   (no amulet)
HPRegen 0.17/turn               (no ring)
MPRegen 0.13/turn               (no ring)

@: no status effects
A: high MP 1, forlorn, divine attributes
a: no special abilities


You were on level 4 of the Dungeon.
You visited 1 branch of the dungeon, and saw 4 of its levels.

You collected 181 gold pieces.

Inventory:

Hand Weapons
 e - the +8 hunting sling of Judgement {venom, Int+6}
   (You found it on level 2 of the Dungeon)

   Any ammunition fired from it poisons the flesh of those it strikes.
   Int:       It affects your intelligence (+6).
 h - a +3 short sword of flaming
 r - a +4 short sword of freezing (weapon)
Missiles
 k - 144 stones (quivered)
Armour
 b - a +0 scale mail
 c - a +0 buckler (worn)
 g - a +0 pair of gloves (worn)
 o - the +1 robe of the Hidden Vale (worn) {-Tele Str+2 Int+3 Archmagi}
   (You found it on level 2 of the Dungeon)

   Str:       It affects your strength (+2).
   Int:       It affects your intelligence (+3).
   -Tele:     It prevents most forms of teleportation.
   Archmagi:  It increases the power of your magical spells.
 x - a +0 cloak (worn)
Jewellery
 a - an amulet of guardian spirit
Wands
 y - a wand of iceblast (8)
Scrolls
 i - a scroll of vulnerability
 n - a scroll of enchant armour {unknown}
 p - 2 scrolls of enchant weapon {unknown}
 t - 2 scrolls of fear {unknown}
 u - a scroll of acquirement {unknown}
Potions
 d - 2 potions of berserk rage {unknown}
 f - 2 potions of attraction {unknown}
 j - 2 potions of magic {unknown}
 l - a potion of haste {unknown}
 m - a potion of heal wounds {unknown}
 q - a potion of curing {unknown}
 s - a potion of ambrosia {unknown}
 v - 2 potions of degeneration {unknown}
 w - a potion of brilliance {unknown}


   Skills:
 - Level 4.0 Fighting
 - Level 1.6(2.1) Short Blades
 - Level 1.7(2.1) Long Blades
 - Level 2.6 Armour
 - Level 2.6 Shields
 - Level 2.3 Spellcasting
 + Level 0.1 Air Magic
 - Level 4.0 Poison Magic


You had 5 spell levels left.
You knew the following spells:

 Your Spells              Type           Power      Damage    Failure   Level
a - Poisonous Vapours     Pois/Air       26%        N/A       16%         2
b - Corpse Rot            Necr/Air       6%         N/A       36%         2

Your spell library contained the following spells:

 Spells                   Type           Power      Damage    Failure   Level
 Animate Dead             Necr           1%         N/A       94%         4
 Borgnjor's Vile Clutch   Necr/Erth      1%         N/A       100%        5
 Death Channel            Necr           1%         N/A       100%        6


Dungeon Overview and Level Annotations

Branches:
Dungeon (4/15)             Temple (0/1) D:4

Annotations:
D:4 2 transporters, axecop's ghost, amateur HODe


Innate Abilities, Weirdness & Mutations

You have an increased reservoir of magic. (+10% MP)
You shall have no god before yourself.
Your divine heritage dramatically boosts your attributes as you level up.


Message History

The giant cockroach bites you but does no damage.
The giant cockroach barely misses you.
You barely miss the giant cockroach. The giant cockroach closely misses you.
A giant cockroach is nearby!
You closely miss the giant cockroach. The giant cockroach bites you.
You closely miss the giant cockroach. The giant cockroach barely misses you.
A giant cockroach is nearby!
You puncture the giant cockroach! You freeze the giant cockroach.
You kill the giant cockroach!
No target in view!
You now have 181 gold pieces (gained 8).
An ogre comes into view. It is wielding a +0 giant spiked club.
Found a scroll labelled JUIXEOCVALL.
Found a staircase to the Ecumenical Temple.
The ogre shouts!
You hit the ogre. You freeze the ogre.
The ogre is moderately wounded.
You block the ogre's attack.
You barely miss the ogre.
The ogre is moderately wounded.
The ogre hits you with a +0 giant spiked club!!
You hit the ogre. You freeze the ogre.
The ogre is heavily wounded.
You hit the ogre. You freeze the ogre.
The ogre is heavily wounded.
The ogre hits you with a +0 giant spiked club!!
* * * LOW HITPOINT WARNING * * *
You are too injured to fight recklessly!
You are too injured to fight recklessly!
You completely miss the ogre.
The ogre is heavily wounded.
You block the ogre's attack.
You barely miss the ogre.
The ogre is heavily wounded.
The ogre closely misses you.
You barely miss the ogre.
The ogre is heavily wounded.
The ogre hits you with a +0 giant spiked club!!
Ouch! That really hurt!
You die...

.................#
..................#
##########.###....#
## #.###....## .#
#.#.......# # .#
#.#.......# .. .#
######.#.......#
.P? .####......#
#.O..# .>..
......######
#..@.##.P.P.
.######
##.#........ .#
#.#.#...... .#
#######.#.# #####
.## #.......#.#
..#######.#######.#
..........# #.#
..######.## #.# .##
#.########.#


You could see an ogre.

Vanquished Creatures
  A black bear (D:4)
  An ogre (D:4)
  Crazy Yiuf (D:3)
  Jessica (D:3)
  7 gnolls
  2 adders (D:2)
  3 worms (D:2)
  5 dart slugs
  An orc (D:3)
  5 ball pythons
  4 endoplasms
  4 giant cockroaches
  5 goblins
  13 hobgoblins
  2 jackals (D:1)
  4 quokkas
  7 bats
  11 frilled lizards
  11 kobolds
  8 rats
96 creatures vanquished.

Vanquished Creatures (others)
  A hobgoblin (D:4)
  5 plants (D:2)
6 creatures vanquished.

Grand Total: 102 creatures vanquished

Notes
Turn   | Place    | Note
-------+----------+-------------------------------------------
     0 | D:1      | horus123 the Demigod Fighter began the quest for the Orb.
     0 | D:1      | Reached XP level 1. HP: 18/18 MP: 3/3
   289 | D:1      | Reached XP level 2. HP: 6/26 MP: 4/4
  1532 | D:1      | Reached XP level 3. HP: 31/33 MP: 5/5
  1788 | D:2      | Identified the +8 hunting sling of Judgement {venom, Int+6}
  1930 | D:2      | Reached skill level 1 in Short Blades
  2455 | D:2      | Identified the +1 robe of the Hidden Vale {-Tele Str+2
                  | Int+3 Archmagi}
  2470 | D:2      | Learned a level 2 spell: Poisonous Vapours
  2755 | D:2      | Reached XP level 4. HP: 14/40 MP: 5/7
  3062 | D:2      | Reached skill level 1 in Spellcasting
  3985 | D:3      | Reached XP level 5. HP: 46/46 MP: 11/11
  4391 | D:3      | Reached skill level 1 in Poison Magic
  4541 | D:3      | Noticed Jessica
  4546 | D:3      | Killed Jessica
  4597 | D:3      | Found a runed translucent door.
  4598 | D:3      | Noticed Crazy Yiuf
  4677 | D:3      | Killed Crazy Yiuf
  5030 | D:4      | Noticed a black bear
  5035 | D:4      | Killed a black bear
  5036 | D:4      | Reached XP level 6. HP: 40/52 MP: 12/12
  5168 | D:4      | Learned a level 2 spell: Corpse Rot
  5625 | D:4      | Found a transporter.
  5628 | D:4      | Noticed axecop's ghost (amateur HODe)
  5629 | D:4      | Found a transporter.
  5769 | D:4      | Found a staircase to the Ecumenical Temple.
  5778 | D:4      | Demolished by an ogre

Illustrated notes

Levels and vault maps discovered:
D:1:      co_arrival_random_square_maze, layout_basic,
          ebering_ecumenical_altar_sacrificial, minmay_unequal
D:2:      layout_loops_corners, minmay_lizard_king
D:3:      layout_loops_ring, ashenzari_altar_1, uniq_crazy_yiuf_cottage,
          uniq_jessica
D:4:      layout_loops_ring, mainiacjoe_overflow_small_starburst,
          grunt_temple_overflow_open, minmay_temple_entry_trees,
          gammafunk_ghost_arena

Skill      XL: |  1  2  3  4  5  6 |
---------------+-------------------+-----
Fighting       | 3 4 |  4.0
Short Blades   | 1 |  1.6
Spellcasting   | 2 |  2.3
Poison Magic   | 3 4 |  4.0
Long Blades    | |  1.7
Armour         | |  2.6
Shields        | |  2.6
Air Magic      | |  0.1

Action                   |  1- 3 |  4- 6 || total
-------------------------+-------+-------++-------
Melee: Long sword        |    93 |       ||    93
       Short sword       |    89 |    96 ||   185
  Use: Scroll            |     3 |       ||     3
       Potion            |       |     2 ||     2
 Stab: Sleeping          |       |     3 ||     3
Armor: Scale mail        |    72 |       ||    72
       Robe              |     7 |    18 ||    25
Dodge: Dodged            |    73 |    36 ||   109
Block: Buckler           |    37 |    12 ||    49

Table legend: (Time is in decaauts)
 A = Elapsed time spent in this place.
 B = Non-inter-level travel time spent in this place.
 C = Inter-level travel time spent in this place.
 D = Time resting spent in this place.
 E = Time spent auto-exploring this place.
 F = Levels seen in this place.
 G = Mean time per level.
                   A        B        C        D        E       F      G
               +--------+--------+--------+--------+--------+-----+--------+
         Total |   5825 |   5710 |    115 |   2086 |   2777 |   4 | 1456.2 |
       Dungeon |   5825 |   5710 |    115 |   2086 |   2777 |   4 | 1456.2 |
               +--------+--------+--------+--------+--------+-----+--------+

Top non-repeatable levels by time:
     D:2: 1965 daAuts
     D:1: 1738 daAuts
     D:3: 1372 daAuts
     D:4: 748 daAuts
